 Dungeon Crawl Stone Soup version 0.30.1-11-g7821555f0a (webtiles) character file.

Game seed: 7966200312164934187

321 Martska the Trooper (level 6, -5/49 HPs)
             Began as a Demonspawn Fighter on Dec 13, 2023.
             Slain by an ogre
             ... wielding a +0 giant club
              (21 damage)
             ... on level 4 of the Dungeon.
             The game lasted 00:02:51 (2474 turns).

Martska the Trooper (Demonspawn Fighter)            Turns: 2474, Time: 00:02:52

Health: -5/49      AC:  9    Str: 18    XL:     6   Next: 22%
Magic:  6/6        EV: 10    Int:  9    God:
Gold:   167        SH:  5    Dex: 13    Spells: 5/5 levels left

rFire   + . .        m - +5 mace (protect)
rCold   . . .        c - +0 buckler
rNeg    . . .        n - +1 scale mail {rF+}
rPois   .            (helmet restricted)
rElec   .            t - +0 cloak
rCorr   .            (no gloves)
SInv    .            (no boots)
Will    .....        (no amulet) Stlth
                     (no ring)
HPRegen 0.28/turn    (no ring)
MPRegen 0.10/turn

%: no passive effects
@: no status effects
A: horns 1, powered by death 1, powered by pain 2
a: no special abilities


You were on level 4 of the Dungeon.
You visited 1 branch of the dungeon, and saw 4 of its levels.

You collected 167 gold pieces.

Inventory:

Hand Weapons
 a - a +0 war axe
 j - a +0 short sword of venom
 m - a +5 mace of protection (weapon)
 s - a +3 quarterstaff of chaos
Armour
 b - a +0 scale mail
 c - a +0 buckler (worn)
 n - a +1 scale mail of fire resistance (worn)
 t - a +0 cloak (worn)
Wands
 v - a wand of light (6)
 z - a wand of polymorph (4)
Scrolls
 e - a scroll of blinking {unknown}
 g - 4 scrolls of teleportation {unknown}
 h - a scroll of poison {unknown}
 i - 5 scrolls of identify {unknown}
 k - 4 scrolls of brand weapon {unknown}
 q - a scroll of silence {unknown}
 u - a scroll of vulnerability {unknown}
 y - a scroll of summoning {unknown}
Potions
 d - 3 potions of might
 f - a potion of flight {unknown}
 l - 2 potions of heal wounds {unknown}
 p - a potion of haste {unknown}
 r - a potion of attraction {unknown}
 w - 2 potions of invisibility {unknown}
 x - a potion of lignification {unknown}


   Skills:
 * Level 4.7 Fighting
 - Level 1.7 Axes
 + Level 3.5 Armour
 * Level 3.0 Dodging
 + Level 3.5 Shields


You had 5 spell levels left.
You didn't know any spells.
Your spell library contained the following spells:

 Spells                   Type           Power      Damage    Failure   Level
 Lesser Beckoning         Tloc           0%         N/A       94%         2
 Gell's Gravitas          Tloc           0%         N/A       99%         3
 Teleport Other           Tloc           0%         N/A       99%         3


Dungeon Overview and Level Annotations

Branches:
Dungeon (4/15)
 Temple: D:4-7

Altars:
Dithmenos
Vehumet

Annotations:
D:3 2 runed translucent doors


Innate Abilities, Weirdness & Mutations

You have a pair of small horns on your head.
You regenerate a little health from kills.
You sometimes gain power by taking damage.


Message History

No target in view!
No target in view!
No target in view!
No target in view!
No target in view!
No target in view!
o - 3 metallic black potions (gained 1)
An ogre comes into view. It is wielding a +0 giant club.
The ogre shouts!
You see here 10 gold pieces.
An ogre is nearby!
Found a sling and 10 gold pieces.
There is a stone staircase leading up here.
The ogre hits you with a +0 giant club!!
Ouch! That really hurt!
You are too injured to fight recklessly!
You are too injured to fight recklessly!
You are too injured to fight recklessly!
You are too injured to fight recklessly!
You are too injured to fight recklessly!
You are too injured to fight recklessly!
You are too injured to fight recklessly!
You are too injured to fight recklessly!
You are too injured to fight recklessly!
You are too injured to fight recklessly!
You are too injured to fight recklessly!
You are too injured to fight recklessly!
You sock the ogre!
Your weapon exudes an aura of protection.
You headbutt the ogre.
The ogre is severely wounded.
The ogre hits you with a +0 giant club!
* * * LOW HITPOINT WARNING * * *
It was a potion of curing.
You feel better. The ogre hits you with a +0 giant club!
* * * LOW HITPOINT WARNING * * *
You feel better.
You feel better.
The ogre hits you with a +0 giant club!!
You die...

..$.....# .# .#
........####.###.#
........#........#
.......)#........#
........#........#
........#........###
........#...........
......O@<.$......#
.................###
######.#............
##########.#............
#...........#...........
.
#.............†......###
.##...........#.......##
..............####......
#...........# #.######


You could see an ogre.

Vanquished Creatures
  Sigmund (D:3)
  Crazy Yiuf (D:2)
  An iguana (D:4)
  Terence (D:2)
  3 adders
  A dart slug (D:2)
  3 worms (D:2)
  An orc (D:3)
  7 endoplasms
  2 giant cockroaches
  6 goblins
  3 hobgoblins
  7 kobolds
  A quokka (D:1)
  7 ball pythons
  6 bats
  A frilled lizard (D:1)
  3 rats
55 creatures vanquished.

Notes
Turn   | Place    | Note
-------+----------+-------------------------------------------
     0 | D:1      | Martska the Demonspawn Fighter began the quest for the Orb.
     0 | D:1      | Reached XP level 1. HP: 18/18 MP: 1/1
   170 | D:1      | Gained mutation: You sometimes gain a little power by
                  | taking damage. [demonic ancestry]
   170 | D:1      | Reached XP level 2. HP: 24/24 MP: 2/2
   631 | D:2      | Reached skill level 1 in Dodging
   673 | D:2      | Noticed Terence
   682 | D:2      | Killed Terence
   683 | D:2      | Gained mutation: You have a pair of small horns on your
                  | head. [demonic ancestry]
   683 | D:2      | Reached XP level 3. HP: 18/29 MP: 3/3
   958 | D:2      | Gained mutation: You sometimes gain power by taking damage.
                  | [demonic ancestry]
   958 | D:2      | Reached XP level 4. HP: 37/37 MP: 4/4
  1179 | D:2      | Found a runed translucent door.
  1180 | D:2      | Noticed Crazy Yiuf
  1330 | D:2      | Killed Crazy Yiuf
  1331 | D:2      | Reached skill level 4 in Fighting
  1621 | D:3      | Found a shadowy altar of Dithmenos.
  1678 | D:3      | Noticed Sigmund
  1691 | D:3      | Killed Sigmund
  1692 | D:3      | Gained mutation: You regenerate a little health from kills.
                  | [demonic ancestry]
  1692 | D:3      | Reached XP level 5. HP: 15/43 MP: 5/5
  1692 | D:3      | Reached XP level 6. HP: 18/49 MP: 6/6
  1806 | D:3      | Found a radiant altar of Vehumet.
  1852 | D:3      | Found a large runed translucent door.
  1853 | D:3      | Found a large runed translucent door.
  2472 | D:4      | HP: 2/49 [ogre/+0 giant club (17)]
  2474 | D:4      | Slain by an ogre

Illustrated notes

Levels and vault maps discovered:
D:1:      onia_arrival_mini_spirals, layout_basic, minmay_misc_feat_nine_boxes,
          grunt_decor_clamped
D:2:      layout_loops_ring, uniq_crazy_yiuf_cottage, uniq_terence
D:3:      layout_basic, nicolae_vehumet_radiance, lemuel_doored_altar,
          jmf_multi_god_temple2, minmay_misc_feat_square,
          palyth_stone_intersect, minmay_misc_feat_four_crosses,
          dk_noncrumbling_4, uniq_sigmund
D:4:      layout_basic, nicolae_overflow_crystal_walls,
          nicolae_hepliaklqana_hippocampus, minmay_temple_entry_statues_pillars,
          serial_shops, shop_statue, uniq_edmund

Skill      XL: |  1  2  3  4  5  6 |
---------------+-------------------+-----
Dodging        | 1 2 3 |  3.0
Armour         | 3 |  3.5
Shields        | 3 |  3.5
Fighting       | 4 |  4.7
Axes           | |  1.7

Action                     |  1- 3 |  4- 6 || total
---------------------------+-------+-------++-------
  Melee: War axe           |    51 |       ||    51
         Short sword       |    30 |       ||    30
         Mace              |    21 |    49 ||    70
         Headbutt          |     2 |    10 ||    12
    Use: Potion            |       |     4 ||     4
 Armour: Scale mail        |    42 |     9 ||    51
  Dodge: Dodged            |    40 |    18 ||    58
  Block: Buckler           |    25 |     9 ||    34
